 Dungeon Crawl Stone Soup version 0.31-a0-986-g5e6e4ef867 (webtiles) character file.

Game seed: 10131895306688449920

327 sammy202020 the Ruffian (level 6, 59/59 HPs)
             Began as a Troll Shapeshifter on Nov 6, 2023.
             Quit the game in a sewer.
             The game lasted 00:03:41 (2325 turns).

sammy202020 the Ruffian (Troll Shapeshifter)        Turns: 2325, Time: 00:03:41

Health: 59/59      AC:  4    Str: 21    XL:     6   Next: 24%
Magic:  5/5        EV: 10    Int:  8    God:
Gold:   116        SH:  0    Dex:  9    Spells: 5/5 levels left

rFire   . .          .
                       - Unarmed
rCold   . . .        (no shield)
rNeg    . . .        a - +0 animal skin
rPois   .            (helmet currently unavailable)
rElec   .            (cloak currently unavailable)
rCorr   .            (gloves unavailable)
SInv    .            (boots unavailable)
Will    .....        (no amulet)
Stlth   ++           (no ring)
HPRegen 1.09/turn    (no ring)
MPRegen 0.09/turn

%: no passive effects
@: beast-form
A: beast (slay +2), large, unfitting armour, claws 3, regeneration 1, shaggy fur
1, tough skin 1, thin skeletal structure 1, clumsy 1, weak 1
a: Begin Untransformation


You were in a sewer.
You were a hulking beast.
You visited 1 branch of the dungeon, and saw 3 of its levels.
You also visited: Sewer.

You collected 116 gold pieces.

Inventory:

Armour
 a - a +0 animal skin (worn)
Talismans
 c - a beast talisman
 d - a flux talisman
 g - a serpent talisman
Scrolls
 e - 2 scrolls of teleportation
 k - a scroll of fear
 o - a scroll of enchant weapon
Potions
 b - 2 potions of magic
 f - a potion of cancellation
 j - 2 potions of haste
 l - 2 potions of heal wounds
 m - a potion of brilliance {unknown}
 n - a potion of resistance {unknown}
 p - a potion of invisibility {unknown}


   Skills:
 * Level 2.6 Fighting
 + Level 1.8 Armour
 + Level 2.5 Dodging
 * Level 4.5 Unarmed Combat
 + Level 3.6 Shapeshifting


You had 5 spell levels left.
You didn't know any spells.
Your spell library contained the following spells:

 Spells                   Type           Power      Damage    Failure   Level
 Magic Dart               Conj           0%         1d3       41%         1
 Slow                     Hex            0%         N/A       41%         1
 Call Imp                 Summ           0%         N/A       54%         2
 Confusing Touch          Hex            0%         N/A       78%         3
 Hailstorm                Conj/Ice       0%         3d3       78%         3
 Mephitic Cloud           Conj/Pois/Air  0%         N/A       78%         3
 Sigil of Binding         Hex            0%         N/A       78%         3
 Vampiric Draining        Necr           0%         2d6       78%         3
 Summon Ice Beast         Ice/Summ       0%         N/A       99%         4
 Simulacrum               Ice/Necr       0%         N/A       100%        6


Dungeon Overview and Level Annotations

Branches:
Dungeon (3/15)              Sewer (1/1)

Altars:
Ashenzari


Innate Abilities, Weirdness & Mutations

You are a hulking beast.
Your limbs bulge with bestial killing power. (Slay +2)
You are too large for most types of armour.
You have claws for hands.
Your natural rate of healing is unusually fast.
You are covered in fur. (AC +1)
You have tough skin. (AC +1)
You have a somewhat thin skeletal structure. (Dex +2, Stealth+)
You are clumsy. (Dex -2)
You are weak. (Str -2)


Message History

The bullfrog hits you but does no damage. x2
You smack the endoplasm!
You kill the endoplasm!
The bullfrog hits you but does no damage.
You pummel the bullfrog!! You punch the bullfrog.
You kill the bullfrog!
You have reached level 6!
You feel stronger.
You start resting.
Your transformation is almost over.
You feel less wooden.
Your +0 animal skin unmelds from your body.
You turn into a hulking beast.
You start resting.
HP restored.
You start waiting.
Done waiting.
You start waiting.
Done waiting.
You open the door.
Found a gate leading back out of this place.
There is an open door here.
b - 2 fizzy orange potions
o - a scroll of enchant weapon No target in view!
There is a gate leading back out of this place here.
p - a lumpy puce potion
As you read the scroll of identify, it crumbles to dust.
b - 2 potions of magic
As you read the scroll of identify, it crumbles to dust.
j - 2 potions of haste
As you read the scroll of identify, it crumbles to dust.
l - 2 potions of heal wounds
As you read the scroll of identify, it crumbles to dust.
h - a potion of mutation You feel extremely strange.
You feel weaker.
You feel clumsy.
Your bones become slightly less dense.
Okay, then.
Okay, then.
Are you sure you want to abandon this character and quit the game? (Confirm with "yes".)

#####
######...#
###########
##.........
##....##...#
##....†.....
#......'.∩.#
#.........#†
#......#.h.#
##......##'##
#......#####
#......##..##
##.~.~##
#.~~..###..#
#~~~#~≈#
#~~~≈~~#####
#≈≈~~≈≈#
#~~~≈≈≈#
#≈≈~~≈≈#
#≈~≈≈≈≈#
#≈~~~≈≈#
#≈~~≈~≈#
#÷#~~≈≈#
#≈≈≈~~~#
#≈~#~≈≈#
#≈≈~≈~~#


There were no monsters in sight!

Vanquished Creatures
  2 bullfrogs (Sewer)
  Robin (D:2)
  A gnoll (D:1)
  7 adders
  3 river rats (Sewer)
  A worm (D:2)
  A dart slug (D:3)
  7 endoplasms
  A giant cockroach (D:1)
  10 goblins
  8 hobgoblins
  3 quokkas
  11 ball pythons
  6 bats
  6 frilled lizards
  5 kobolds
  25 rats
98 creatures vanquished.

Notes
Turn   | Place    | Note
-------+----------+-------------------------------------------
     0 | D:1      | sammy202020 the Troll Shapeshifter began the quest for the
                  | Orb.
     0 | D:1      | Reached XP level 1. HP: 18/18 MP: 0/0
   187 | D:1      | Reached skill level 1 in Fighting
   346 | D:1      | Reached XP level 2. HP: 27/27 MP: 1/1
   387 | D:1      | Reached XP level 3. HP: 31/33 MP: 2/2
  1118 | D:2      | Reached skill level 1 in Armour
  1118 | D:2      | Reached XP level 4. HP: 40/42 MP: 3/3
  1120 | D:2      | Noticed Robin
  1134 | D:2      | Killed Robin
  1712 | D:3      | Found a broken altar of Ashenzari.
  1790 | D:3      | Found a glowing drain.
  1801 | Sewer    | Entered a sewer
  1872 | Sewer    | Reached skill level 4 in Unarmed Combat
  1872 | Sewer    | Reached XP level 5. HP: 35/49 MP: 4/4
  2048 | Sewer    | Reached XP level 6. HP: 19/59 MP: 5/5
  2324 | Sewer    | Gained mutation: You are weak. (Str -2) [potion of
                  | mutation]
  2324 | Sewer    | Gained mutation: You are clumsy. (Dex -2) [potion of
                  | mutation]
  2324 | Sewer    | Gained mutation: You have a somewhat thin skeletal
                  | structure. (Dex +2, Stealth+) [potion of mutation]
  2325 | Sewer    | Quit the game

Illustrated notes

Levels and vault maps discovered:
D:1:      dpeg_arrival_chambers_temple_mockup, layout_loops_ring
D:2:      layout_loops_ring, serial_glass, glass_columns_a, glass_columns_a,
          uniq_robin
D:3:      layout_rooms, ashenzari_altar_1, nemelex_diamond_rough_becter,
          nicolae_overflow_macrodata_refinement, lemuel_doored_altar,
          portal_sewer_entry_d, hellmonk_ecumenical_altar_run_dry,
          uniq_crazy_yiuf_cottage, uniq_ijyb, uniq_terence, uniq_natasha
Sewer:    sewer_minmay_w

Skill      XL: |  1  2  3  4 |
---------------+-------------+-----
Fighting       | 1 2 |  2.6
Armour         | 1 |  1.8
Dodging        | 2 |  2.5
Unarmed Combat | 4 |  4.5
Shapeshifting  | |  3.6

Action                     |  1- 3 |  4- 6 || total
---------------------------+-------+-------++-------
  Melee: Unarmed           |    71 |   151 ||   222
         Punch             |       |     3 ||     3
    Use: Scroll            |       |     9 ||     9
         Potion            |       |     2 ||     2
   Stab: Sleeping          |     2 |     2 ||     4
 Armour: Animal skin       |    41 |    96 ||   137
         Skin              |       |    22 ||    22
  Dodge: Dodged            |    34 |    90 ||   124

Table legend: (Time is in decaauts)
 A = Elapsed time spent in this place.
 B = Non-inter-level travel time spent in this place.
 C = Inter-level travel time spent in this place.
 D = Time resting spent in this place.
 E = Time spent auto-exploring this place.
 F = Levels seen in this place.
 G = Mean time per level.
                   A        B        C        D        E       F      G
               +--------+--------+--------+--------+--------+-----+--------+
         Total |   2309 |   2173 |    136 |    252 |   1417 |   4 |  577.2 |
       Dungeon |   1792 |   1656 |    136 |      0 |   1296 |   3 |  597.3 |
         Sewer |    516 |    516 |      0 |    252 |    121 |   1 |  516.0 |
               +--------+--------+--------+--------+--------+-----+--------+

Top non-repeatable levels by time:
     D:1: 925 daAuts
     D:2: 733 daAuts
   Sewer: 516 daAuts
     D:3: 134 daAuts
